 Dungeon Crawl Stone Soup version 0.30-a0-847-g17996783a1 (webtiles) character file.

Game seed: 12043582555484635192

21 Korbin06 the Poker (level 2, -6/25 HPs)
             Began as a Hill Orc Gladiator on Mar 3, 2023.
             Mangled by a worm (9 damage)
             ... on level 2 of the Dungeon.
             The game lasted 00:04:05 (313 turns).

Korbin06 the Poker (Hill Orc Gladiator)              Turns: 313, Time: 00:04:06

Health: -6/25      AC:  4    Str: 13 (16) XL:     2   Next: 87%
Magic:  2/2        EV: 12    Int:  6 (8)  God:
Gold:   57         SH:  0    Dex: 11 (12) Spells: 1/1 levels left

rFire   . . .      SeeInvis .    a - +0 trident
rCold   . . .      Faith    .    (no shield)
rNeg    . . .      Spirit   .    b - +0 leather armour
rPois   .          Reflect  .    c - +0 helmet
rElec   .          Rampage  .    (no cloak)
rCorr   .                        (no gloves)
Will    .....                    (no boots)
Stlth   +                        (no amulet)
HPRegen 0.24/turn                (no ring)
MPRegen 0.08/turn                (no ring)

@: no status effects
A: no striking features
a: no special abilities


You were on level 2 of the Dungeon.
You visited 1 branch of the dungeon, and saw 2 of its levels.

You collected 57 gold pieces.

Inventory:

Hand Weapons
 a - a +0 trident (weapon)
Missiles
 d - a throwing net (quivered)
 e - a javelin
Armour
 b - a +0 leather armour (worn)
 c - a +0 helmet (worn)
Potions
 f - a potion of invisibility {unknown}


   Skills:
 + Level 2.9 Fighting
 + Level 3.8 Polearms
 + Level 1.9 Throwing
 + Level 0.3 Armour
 + Level 2.6 Dodging


You had one spell level left.
You didn't know any spells.
Your spell library was empty.

Dungeon Overview and Level Annotations

Branches:
Dungeon (2/15)

Altars:


Message History

The ball python hisses angrily.
The giant cockroach bites you.
You hit the giant cockroach.
The giant cockroach is moderately wounded.
The giant cockroach completely misses you.
The giant cockroach barely misses you.
You barely miss the giant cockroach.
The giant cockroach is moderately wounded.
The giant cockroach closely misses you. The ball python barely misses you.
The ball python grabs you. The ball python constricts you.
You barely miss the giant cockroach.
The giant cockroach is moderately wounded.
The giant cockroach bites you but does no damage.
The ball python closely misses you. The ball python constricts you.
The rat bites you.
You hit the ball python.
You kill the ball python!
The giant cockroach closely misses you. The rat bites you but does no damage.
The giant cockroach bites you but does no damage.
The rat bites you but does no damage. The giant cockroach closely misses you.
You hit the worm.
The worm is moderately wounded.
The rat bites you. The rat bites you but does no damage.
The giant cockroach closely misses you. The worm bites you.
You puncture the worm!
The worm is severely wounded.
The rat bites you but does no damage. The rat misses you.
The giant cockroach bites you but does no damage.
The worm bites you!
* * * LOW HITPOINT WARNING * * *
You hit the worm.
The worm is severely wounded.
The giant cockroach bites you.
* * * LOW HITPOINT WARNING * * *
The rat bites you.
* * * LOW HITPOINT WARNING * * *
The rat closely misses you.
The giant cockroach bites you but does no damage.
The worm bites you!
You die...

#....#)##.....).)...
#....#.##...........
#....#.##...........
+....'.##...........
.###....####...........
.................>....#
.###....####..........#
#.......+..........#
#.r@B.###..........#
......wwr.# ..........#
..........# ..........#
..........# ..........#
..........#


You could see 2 worms, a giant cockroach and 2 rats.

Vanquished Creatures
  2 bats (D:2)
  A giant cockroach (D:2)
  3 goblins
  2 hobgoblins (D:2)
  2 jackals (D:1)
  A kobold (D:2)
  A quokka (D:1)
  3 ball pythons
  3 rats (D:1)
18 creatures vanquished.

Notes
Turn   | Place    | Note
-------+----------+-------------------------------------------
     0 | D:1      | Korbin06 the Hill Orc Gladiator began the quest for the
                  | Orb.
     0 | D:1      | Reached XP level 1. HP: 18/18 MP: 1/1
   108 | D:1      | Reached XP level 2. HP: 24/25 MP: 2/2
   313 | D:2      | Mangled by a worm

Illustrated notes

Levels and vault maps discovered:
D:1:      onia_arrival_handbag, layout_basic, hangedman_decor_lopped
D:2:      layout_basic

Action                     || total
---------------------------++-------
  Melee: Trident           ||    71
  Throw: Throwing net      ||     4
    Use: Potion            ||     2
         Scroll            ||     1
   Stab: Held in net/web   ||     1
 Armour: Leather armour    ||    39
  Dodge: Dodged            ||    79

Table legend: (Time is in decaauts)
 A = Elapsed time spent in this place.
 B = Non-inter-level travel time spent in this place.
 C = Inter-level travel time spent in this place.
 D = Time resting spent in this place.
 E = Time spent auto-exploring this place.
 F = Levels seen in this place.
 G = Mean time per level.
                   A        B        C        D        E       F      G
               +--------+--------+--------+--------+--------+-----+--------+
         Total |    319 |    152 |    167 |      0 |      0 |   2 |  159.5 |
       Dungeon |    319 |    152 |    167 |      0 |      0 |   2 |  159.5 |
               +--------+--------+--------+--------+--------+-----+--------+

Top non-repeatable levels by time:
     D:1: 237 daAuts
     D:2: 82 daAuts
